 Dungeon Crawl Stone Soup version 0.31-a0-210-gccc998df9b (webtiles) character file.

Game seed: 16634060535771315617

123 qw the Shooter (level 4, -17/37 HPs)
             Began as a Minotaur Hexslinger on June 30, 2023.
             Demolished by an iguana (19 damage)
             ... on level 3 of the Dungeon.
             The game lasted 00:00:33 (1672 turns).

qw the Shooter (Minotaur Hexslinger)                Turns: 1672, Time: 00:00:33

Health: -17/37     AC:  2    Str: 13    XL:     4   Next: 80%
Magic:  4/4        EV: 12    Int: 10    God:
Gold:   87         SH:  0    Dex: 14    Spells: 4/5 levels left

rFire   . . .        Y - +1 sling (chaos)
rCold   . . .        (no shield)
rNeg    . . .        c - +0 robe
rPois   .            (helmet restricted)
rElec   .            (no cloak)
rCorr   .            (no gloves)
SInv    .            (no boots)
Will    .....        f - amulet of regeneration
Stlth   +            (no ring)
HPRegen 1.06/turn    (no ring)
MPRegen 0.09/turn

%: no passive effects
@: slowed, very slow
A: horns 2, retaliatory headbutt
a: no special abilities


You were on level 3 of the Dungeon.
You visited 1 branch of the dungeon, and saw 3 of its levels.

You collected 87 gold pieces.


Innate Abilities, Weirdness & Mutations

You have a pair of horns on your head.
You reflexively headbutt those who attack you in melee.


   Skills:
 + Level 2.8 Fighting
 - Level 5.0 Ranged Weapons
 - Level 2.1 Dodging
 - Level 1.0 Spellcasting
 - Level 2.0 Hexes


You had 4 spell levels left.
You knew the following spells:

 Your Spells              Type           Power      Damage    Failure   Level
a - Slow                  Hex            16%        N/A       16%         1

Your spell library contained the following spells:

 Spells                   Type           Power      Damage    Failure   Level
 Inner Flame              Hex/Fire       2%         N/A       56%         3
 Portal Projectile        Hex/Tloc       4%         N/A       56%         3
 Cause Fear               Hex            2%         N/A       83%         4

Inventory:

Hand Weapons
 Y - a +1 sling of chaos (weapon)
Armour
 c - a +0 robe (worn)
 j - a +0 ring mail
Jewellery
 a - a +6 ring of strength
 f - an amulet of regeneration (around neck)
Wands
 h - a wand of digging (1)
Scrolls
 i - 2 scrolls of identify
Potions
 b - a potion of mutation {unknown}
 d - a potion of might {unknown}
 e - a potion of heal wounds {unknown}
 g - a potion of haste

Dungeon Overview and Level Annotations

Branches:
Dungeon (3/15)

Altars:
Cheibriados
Gozag
Xom

Annotations:
D:2 1 runed translucent door, Crazy Yiuf
D:3 Natasha


Message History

Enter note:
Enter note:
Enter note: You shoot a sling bullet.
The sling bullet hits the iguana but does no damage.
The iguana hisses angrily.
The iguana suddenly seems more resistant.
Natasha, Servant of Life and Death comes into view.
You shoot a sling bullet.
Natasha hisses angrily.
The sling bullet hits the iguana.
The iguana is lightly wounded.
You shoot a sling bullet.
The sling bullet hits the iguana but does no damage.
The iguana goes berserk!
The iguana is lightly wounded.
You shoot a sling bullet. The sling bullet hits the iguana.
The iguana seems to speed up.
The iguana is moderately wounded.
Natasha stares at you and mumbles some strange words.
You feel yourself slow down.
You shoot a sling bullet.
The sling bullet hits the iguana but does no damage.
The iguana seems to slow down.
The iguana is moderately wounded.
The iguana is no longer moving slowly.
The iguana barely misses you.
The iguana bites you but does no damage.
You shoot a sling bullet.
The sling bullet closely misses the iguana.
The iguana barely misses you. Natasha barely misses you. The iguana bites you!
Natasha mumbles some strange words.
The iguana bites you!
You shoot a sling bullet.
The sling bullet completely misses the iguana.
The iguana bites you!
Natasha casts a spell.
The cerulean imp hits you with a +1 spear.
The iguana bites you!!
Ouch! That really hurt!
You die...

#.#####..#%.)#.'.###.#
.........#._.#.')%...#
.........#...#.'.#####
########.#.###.###
#.#.....# #.####### ####
#.#.#### ...
#......###.####..
###.##...@h.....#
#####........l55....#
####.......######.###..#
.....###.### .# #
.>.......# .# ##########
.# .# .#


You could see an iguana (berserk, fast, resistant), Natasha and 2 cerulean imps.

Vanquished Creatures
  Natasha (twice) (D:3)
  3 adders
  3 worms
  2 dart slugs (D:3)
  4 endoplasms
  A giant cockroach (D:1)
  2 goblins
  4 hobgoblins
  7 jackals (D:1)
  2 kobolds
  A ball python (D:1)
  A frilled lizard (D:2)
  A rat (D:2)
33 creatures vanquished.

Notes
Turn   | Place    | Note
-------+----------+-------------------------------------------
     0 | D:1      | qw the Minotaur Hexslinger began the quest for the Orb.
     0 | D:1      | Reached XP level 1. HP: 16/16 MP: 1/1
     0 | D:1      | 0 ||| qw: Version: 0.3-a-24-ga2abf7b
     0 | D:1      | 0 ||| qw: Game counter: 7094
     0 | D:1      | 0 ||| qw: Melee chars always use a shield: true
     0 | D:1      | 0 ||| qw: God list: Okawaru
     0 | D:1      | 0 ||| qw: Allow faded altars: false
     0 | D:1      | 0 ||| qw: Do Orc after clearing Dungeon:15 true
     0 | D:1      | 0 ||| qw: Do second Lair branch before Depths: true
     0 | D:1      | 0 ||| qw: Lair rune preference: random
     0 | D:1      | 0 ||| qw: Goals: Normal
     0 | D:1      | 0 ||| PLANNING D:1-11
   189 | D:1      | Reached skill level 3 in Ranged Weapons
   191 | D:1      | Reached XP level 2. HP: 23/23 MP: 2/2
   327 | D:1      | Found a faded altar of an unknown god.
   511 | D:1      | 511 ||| READING scroll labelled KARCHUPPOEPP.
   512 | D:1      | 512 ||| READING scroll labelled QYCIAH SYOLUGY.
   513 | D:1      | 513 ||| READING scroll labelled HILUIGI JACVIT.
   514 | D:1      | 514 ||| DRINKING 2 glowing silvery potions.
   515 | D:1      | 515 ||| DROPPING scroll of poison.
   545 | D:2      | Reached XP level 3. HP: 29/29 MP: 3/3
   641 | D:2      | Found a shimmering altar of Xom.
   688 | D:2      | Reached skill level 4 in Ranged Weapons
   854 | D:2      | Found a runed translucent door.
   855 | D:2      | Noticed Crazy Yiuf
  1015 | D:2      | 1015 ||| UPGRADING to amulet of regeneration.
  1020 | D:2      | 1020 ||| READING scroll labelled ERUSUKEYSU.
  1021 | D:2      | 1021 ||| READING scroll labelled ETOTARH INWUOPO.
  1022 | D:2      | 1022 ||| DRINKING 2 yellow potions.
  1023 | D:2      | 1023 ||| DROPPING potion of brilliance.
  1091 | D:3      | Found an opulent altar of Gozag.
  1215 | D:3      | Noticed Natasha
  1228 | D:3      | Killed Natasha
  1229 | D:3      | Reached XP level 4. HP: 19/36 MP: 4/4
  1541 | D:3      | Noticed Terence
  1544 | D:3      | Terence changed into Terence the dart slug
  1544 | D:3      | Noticed Terence
  1546 | D:3      | Killed Terence the dart slug
  1547 | D:3      | Reached skill level 5 in Ranged Weapons
  1560 | D:3      | Noticed Natasha
  1562 | D:3      | 1562 ||| Stepping ~*~*~tactically~*~*~ (outnumbered).
  1565 | D:3      | Killed Natasha
  1566 | D:3      | Found a snail-covered altar of Cheibriados.
  1666 | D:3      | Noticed Natasha
  1672 | D:3      | HP: 5/37 [iguana (11)]
  1672 | D:3      | HP: 2/37 [cerulean imp/+1 spear[Natasha] (3)]
  1672 | D:3      | Demolished by an iguana

Levels and vault maps discovered:
D:1:      elethiomel_arrival_quiet, layout_basic,
          shapermc_ecumenical_altar_pompeii
D:2:      layout_basic, basic_altar, minivault_27, uniq_crazy_yiuf_cottage
D:3:      layout_loops_ring, pdpol_temple_overflow_zin_treasury_gozag_greed,
          mainiacjoe_overflow_alcove_4, chequers_serial_rivers_micro_e,
          uniq_terence, uniq_natasha

Skill      XL: |  1  2  3  4 |
---------------+-------------+-----
Ranged Weapons | 3 4 5 |  5.0
Fighting       | 2 |  2.8
Dodging        | |  2.1
Spellcasting   | |  1.0
Hexes          | |  2.0

Action                     |  1- 3 |  4- 6 || total
---------------------------+-------+-------++-------
   Fire: Sling             |    91 |    25 ||   116
    Use: Scroll            |     5 |       ||     5
         Potion            |     2 |       ||     2
 Armour: Robe              |    10 |     1 ||    11
  Dodge: Dodged            |    25 |     3 ||    28

Table legend:
 A = Non-vault XP
 B = Vault XP
 C = Vault XP percentage of total XP
 D = Non-vault monster count
 E = Vault monster count
 F = Vault count percentage of total count
                 A         B        C        D         E       F
            +---------+---------+-------+---------+---------+-------
      Total |     137 |      40 |  22.6 |      31 |       2 |   6.1
            +---------+---------+-------+---------+---------+-------
        D:1 |      29 |       0 |   0.0 |      15 |       0 |   0.0
        D:2 |      50 |       0 |   0.0 |      11 |       0 |   0.0
        D:3 |      58 |      40 |  40.8 |       5 |       2 |  28.6
            +---------+---------+-------+---------+---------+-------
